 Dungeon Crawl Stone Soup version 0.29.1-15-g9cfb28693d (webtiles) character file.

Game seed: 4386508299632038111

3035 Descartes the Nimble (level 9, -13/40 HPs)
             Began as a Felid Monk on Apr 20, 2023.
             Mangled by a troll (16 damage)
             ... on level 9 of the Dungeon.
             The game lasted 00:23:29 (14654 turns).

Descartes the Nimble (Felid Monk)                  Turns: 14654, Time: 00:23:29

Health: -13/40     AC:  3    Str: 11    XL:     9   Next: 56%
Magic:  10/10      EV: 27    Int: 13    God:
Gold:   633        SH:  0    Dex: 18    Spells: 6/8 levels left
                                        Lives:  0   Deaths: 3

rFire   . . .      SeeInvis +     - Unarmed
rCold   + + .      Faith    .   (shield unavailable)
rNeg    . . .      Spirit   .   (body armour unavailable)
rPois   .          Reflect  .   (helmet unavailable)
rElec   .          Harm     .   (cloak unavailable)
rCorr   .          Rampage  .   (gloves unavailable)
Will    ++...      Rage     3%  (boots unavailable)
Stlth   +++.......              (no amulet)
HPRegen 0.13/turn               c - ring of protection from cold
MPRegen 0.12/turn               h - ring of willpower

@: quick
A: very small, claws 1, fangs 3, see invisible, speed 1, shaggy fur 3, stealthy
paws, no weapons or thrown items, no armour, multi-lived, horns 1, berserk 1
a: no special abilities


You were on level 9 of the Dungeon.
You visited 3 branches of the dungeon, and saw 12 of its levels.

You collected 633 gold pieces.

Inventory:

Jewellery
 c - a ring of protection from cold (left paw)
 h - a ring of willpower (right paw)
 k - a +4 ring of protection
 l - a ring of magical power
 m - a ring of magical power
 v - a ring of positive energy
 y - a ring of ice
Wands
 a - a wand of digging (3)
 e - a wand of charming (19)
 n - a wand of polymorph (14)
 r - a wand of mindburst (13)
 t - a wand of flame (21)
Scrolls
 b - a scroll of silence {unknown}
 f - 9 scrolls of teleportation
 g - a scroll of poison {unknown}
 j - a scroll of fear
 o - a scroll of blinking
 u - a scroll of vulnerability
Potions
 d - a potion of cancellation
 i - 3 potions of haste
 p - a potion of flight
 q - 2 potions of attraction {unknown}
 w - 2 potions of invisibility
 x - a potion of resistance


   Skills:
 - Level 5.0 Fighting
 + Level 13.5 Dodging
 - Level 5.0 Stealth
 + Level 10.6 Unarmed Combat
 + Level 4.8 Transmutations
 - Level 5.0 Evocations


You had 6 spell levels left.
You knew the following spells:

 Your Spells              Type           Power      Damage    Failure   Level
a - Wereblood             Tmut           12%        N/A       7%          2

Your spell library contained the following spells:

 Spells                   Type           Power      Damage    Failure   Level
 Foxfire                  Conj/Fire      0%         2x1d4     30%         1
 Magic Dart               Conj           0%         1d3       30%         1
 Call Imp                 Summ           0%         N/A       43%         2
 Sublimation of Blood     Necr           0%         N/A       43%         2
 Call Canine Familiar     Summ           0%         N/A       67%         3
 Conjure Flame            Conj/Fire      0%         6-21      67%         3
 Dazzling Flash           Conj/Hex       0%         N/A       67%         3
 Inner Flame              Hex/Fire       0%         N/A       67%         3
 Mephitic Cloud           Conj/Pois/Air  0%         N/A       67%         3
 Flame Wave               Conj/Fire      0%         2d4       97%         4
 Leda's Liquefaction      Hex/Erth       0%         N/A       97%         4
 Agony                    Necr           0%         N/A       100%        5
 Silence                  Hex/Air        0%         N/A       100%        5
 Summon Hydra             Summ           0%         N/A       100%        7
 Portal Projectile        Hex/Tloc       Unusable   N/A       N/A         3

Dungeon Overview and Level Annotations

Branches:
Dungeon (10/15)            Temple (1/1) D:4             Orc (1/2) D:9
   Lair: D:8-11

Altars:
Ashenzari
Cheibriados
Dithmenos
Elyvilon
Fedhas
Gozag
Hepliaklqana
Kikubaaqudgha
Makhleb
Nemelex Xobeh
Okawaru
Qazlal
Ru
Sif Muna
Trog
Uskayaw
Vehumet
Wu Jian
Xom
Yredelemnul
Zin
The Shining One

Shops:
D:4 (   D:7 ?


Innate Abilities, Weirdness & Mutations

You have sharp claws.
You have razor-sharp teeth.
You have supernaturally acute eyesight. (SInv)
You cover ground quickly. (Speed+)
Your thick and shaggy fur keeps you warm. (AC +3, rC+)
Your paws help you pounce on unaware monsters.
You are incapable of wielding weapons or throwing items.
You cannot wear armour.
You gain extra lives every three experience levels.
You have a pair of small horns on your head.
You sometimes lose your temper in combat.


Message History

The troll misses you. The troll completely misses you. The troll claws you!
The troll completely misses you.
You are now level 9!
You rejoin the land of the living...
A troll is nearby!
You scratch the troll but do no damage. You claw the troll!
The troll is lightly wounded.
The troll bites you! The troll misses you. The troll closely misses you.
You scratch the troll.
The troll is moderately wounded.
You completely miss the troll.
The troll is moderately wounded.
The troll completely misses you. x3
You claw the troll! You headbutt the troll!
The troll is almost dead.
The troll completely misses you. The troll misses you.
The troll closely misses you.
You barely miss the troll. Your claw misses the troll.
The troll is severely wounded.
The troll bites you!
* * * LOW HITPOINT WARNING * * *
The troll misses you. The troll completely misses you.
You are too injured to fight recklessly!
You are too injured to fight recklessly!
You scratch the troll. You bite the troll, but do no damage.
The troll is almost dead.
The troll misses you. The troll claws you.
* * * LOW HITPOINT WARNING * * *
The troll completely misses you.
You closely miss the troll. Your headbutt misses the troll.
The troll is almost dead.
You closely miss the troll. Your headbutt misses the troll.
The troll is almost dead.
The troll misses you. The troll barely misses you. The troll claws you.
* * * LOW HITPOINT WARNING * * *
You barely miss the troll. You claw the troll, but do no damage.
You bite the troll, but do no damage.
The troll is almost dead.
The troll bites you!
You die...

#.........#######......#
#.........##....#......#
..........).....#......#
................#......#
............)...#......#
................#......#
................#......#
#.........#######......#
###########....T@..##..#
#.>..#.......#
#....#.......#
#....#(...#..#
#..(.#....#..#
###########T........#..#
..........†######......#
.....##....#....#......#
.....##.(..#....#......#


You could see a troll.

Vanquished Creatures
  Fannar (Orc:1)
  A two-headed ogre (D:9)
  Pikel (D:7)
  Maggie (D:7)
  A troll (D:5)
  Sigmund (D:2)
  6 yaks
  3 steam dragons
  Edmund (D:4)
  A water moccasin (D:8)
  2 sky beasts
  2 orc warriors (D:9)
  A black bear (D:8)
  An ice beast (D:6)
  An ogre (D:6)
  A centaur (D:8)
  2 phantoms
  A lemure (D:7)
  4 bullfrogs
  2 necrophages
  A kobold brigand (D:9)
  A scorpion (D:4)
  2 gnoll sergeants
  9 wights
  A howler monkey (D:7)
  7 hounds
  A jelly (D:7)
  2 orc priests
  6 iguanas
  Ijyb (D:4)
  8 orc wizards
  15 gnolls
  3 adders
  2 river rats (D:4)
  A white imp (D:8)
  2 ufetubi (D:4)
  2 worms
  A dart slug (D:1)
  30 orcs
  7 ball pythons
  3 bats
  9 endoplasms
  4 giant cockroaches
  8 goblins
  5 hobgoblins
  9 kobolds
  4 quokkas
  3 frilled lizards
  11 rats
192 creatures vanquished.

Vanquished Creatures (others)
  A yak (D:4)
1 creature vanquished.

Grand Total: 193 creatures vanquished

Notes
Turn   | Place    | Note
-------+----------+-------------------------------------------
     0 | D:1      | Descartes the Felid Monk began the quest for the Orb.
     0 | D:1      | Reached XP level 1. HP: 10/10 MP: 2/2
   359 | D:1      | Reached XP level 2. HP: 14/14 MP: 3/3
  1025 | D:1      | Reached XP level 3. HP: 17/17 MP: 4/4
  1264 | D:1      | Found a faded altar of an unknown god.
  1544 | D:2      | Noticed Sigmund
  1559 | D:2      | Killed Sigmund
  1560 | D:2      | Reached skill level 5 in Dodging
  1560 | D:2      | Reached XP level 4. HP: 10/22 MP: 5/5
  1560 | D:2      | Reached XP level 5. HP: 11/25 MP: 6/6
  2471 | D:3      | Reached skill level 5 in Stealth
  2509 | D:3      | Gained mutation: You are covered in thick fur. (AC +2)
                  | [Felid growth]
  2509 | D:3      | Reached XP level 6. HP: 25/28 MP: 7/7
  3835 | D:4      | Reached skill level 6 in Dodging
  3845 | D:4      | Noticed Ijyb
  3886 | D:4      | Noticed Edmund
  3916 | D:4      | Gained mutation: You have a pair of small horns on your
                  | head. [potion of mutation]
  3916 | D:4      | Gained mutation: Your body sometimes deteriorates upon
                  | taking damage. [potion of mutation]
  3916 | D:4      | Gained mutation: You have a pair of horns on your head.
                  | [potion of mutation]
  3925 | D:4      | Killed Edmund
  3945 | D:4      | Reached skill level 5 in Fighting
  3945 | D:4      | Reached XP level 7. HP: 16/33 MP: 8/8
  3977 | D:4      | Reached skill level 5 in Unarmed Combat
  3999 | D:4      | Found a staircase to the Ecumenical Temple.
  4290 | D:4      | Lost mutation: Your body sometimes deteriorates upon taking
                  | damage. [potion of mutation]
  4290 | D:4      | Lost mutation: You have a pair of horns on your head.
                  | [potion of mutation]
  4290 | D:4      | Gained mutation: Your thick and shaggy fur keeps you warm.
                  | (AC +3, rC+) [potion of mutation]
  4290 | D:4      | Gained mutation: You sometimes lose your temper in combat.
                  | [potion of mutation]
  4303 | D:4      | Noticed a yak
  4303 | D:4      | Noticed a yak
  4310 | D:4      | Noticed a yak
  4323 | D:4      | HP: 1/33 [yak (9)]
  4365 | D:4      | Slain by a yak
  4366 | D:4      | Reached XP level 6. HP: -1/30 MP: 7/7
  4384 | D:4      | Reached skill level 7 in Dodging
  4409 | D:4      | Killed a yak
  4410 | D:4      | Reached XP level 7. HP: 4/33 MP: 8/8
  4417 | Temple   | Entered the Ecumenical Temple
  4791 | D:4      | Killed a yak
  4792 | D:4      | Reached skill level 8 in Dodging
  5177 | D:4      | Killed Ijyb
  5194 | D:4      | Found Zeohoqunn's Weapon Shop.
  5335 | D:5      | Entered Level 5 of the Dungeon
  5404 | D:4      | Slain by an iguana
  5405 | D:4      | Reached XP level 6. HP: -3/30 MP: 7/7
  5452 | D:4      | Found a staircase to the Ecumenical Temple.
  5495 | D:4      | Found Zeohoqunn's Weapon Shop.
  5962 | D:5      | Reached XP level 7. HP: 27/33 MP: 8/8
  5966 | D:5      | Reached skill level 9 in Dodging
  6422 | D:5      | Found a shimmering blue altar of Sif Muna.
  7342 | D:6      | Reached skill level 1 in Evocations
  7348 | D:6      | Noticed a troll
  8321 | D:6      | Reached XP level 8. HP: 26/37 MP: 9/9
  8468 | D:6      | Found a white marble altar of Elyvilon.
  8519 | D:6      | You fall into a shaft and drop 3 floors!
  8519 | D:9      | Found a staircase to the Orcish Mines.
  8601 | D:8      | Found a sparkling altar of Nemelex Xobeh.
  8631 | D:8      | Reached skill level 10 in Dodging
  9315 | D:8      | Found a hazy altar of Hepliaklqana.
  9342 | D:7      | Found Xole's Magic Scroll Boutique.
  9534 | D:7      | Reached skill level 5 in Evocations
  9534 | D:7      | Reached XP level 9. HP: 4/40 MP: 10/10
  9929 | D:6      | Reached skill level 11 in Dodging
 10205 | D:5      | Killed a troll
 11113 | D:5      | Found a shimmering blue altar of Sif Muna.
 11229 | D:7      | Noticed Pikel
 11246 | D:7      | Killed Pikel
 11388 | D:7      | Reached skill level 12 in Dodging
 11921 | D:7      | Learned a level 2 spell: Wereblood
 12044 | D:7      | Noticed Maggie
 12051 | D:7      | Killed Maggie
 12052 | D:7      | Reached skill level 1 in Transmutations
 12615 | D:9      | Noticed a two-headed ogre
 12623 | D:9      | Killed a two-headed ogre
 12624 | D:9      | Reached skill level 10 in Unarmed Combat
 12624 | D:9      | Reached XP level 10. HP: 44/44 MP: 11/11
 12740 | D:9      | Reached skill level 13 in Dodging
 13688 | D:9      | Found a hide-covered altar of Uskayaw.
 13693 | D:9      | Found an ornate altar of the Wu Jian Council.
 13699 | D:9      | Found a broken altar of Ashenzari.
 13760 | D:9      | Found a sacrificial altar of Ru.
 14194 | Orc:1    | Entered Level 1 of the Orcish Mines
 14239 | Orc:1    | Noticed Fannar
 14246 | Orc:1    | Killed Fannar
 14255 | Orc:1    | Noticed an orc warlord
 14601 | D:10     | Entered Level 10 of the Dungeon
 14636 | D:9      | Slain by a troll
 14637 | D:9      | Reached XP level 9. HP: -4/40 MP: 9/10
 14653 | D:9      | HP: 2/40 [troll (6)]
 14654 | D:9      | Mangled by a troll

Illustrated notes

Levels and vault maps discovered:
D:1:      ncdulo_watergridlock, layout_loops_corners,
          shapermc_ecumenical_altar_mp_vishouse, minmay_tetromino_o4
D:2:      layout_basic, nicolae_eternal_life, uniq_sigmund
D:3:      layout_loops_ring, minmay_misc_feat_cross
D:4:      layout_rooms, minmay_temple_entry_waves, portal_sewer_entry_e,
          serial_shops, nicolae_shop_bloodbath_and_beyond, uniq_ijyb,
          uniq_edmund
D:5:      layout_layer_cave, lemuel_blue_sif_altar, st_stairs_1,
          kennysheep_decorative_pillar
D:6:      layout_loops_ring, general_overflow_altar
D:7:      dreamdust_elfheim, layout_basic, minmay_misc_feat_rows,
          grunt_decor_fettered, nicolae_stop_n_shop_2, uniq_maggie, uniq_pikel
D:8:      layout_gridville, mainiacjoe_overflow_brackets,
          nicolae_overflow_crystal_walls
D:9:      layout_stronghold, mainiacjoe_overflow_paths,
          minmay_overflow_temple_star_quad, kennysheep_path_1
D:10:     layout_basic, erik_lair_island, uniq_maurice
Temple:   zaba_magenta_temple
Orc:1:    layout_diamond_mine, serial_shops, shop, uniq_fannar, uniq_erolcha

Skill      XL: |  1  2  3  4  5  6  7  8  9 10 |
---------------+-------------------------------+-----
Stealth        | 3 4 5 |  5.0
Fighting       | 4 5 |  5.0
Dodging        | 5 7 9 10 12 13 | 13.5
Unarmed Combat | 4 7 8 10 | 10.6
Evocations     | 2 5 |  5.0
Transmutations | 2 4 |  4.8

Action                   |  1- 3 |  4- 6 |  7- 9 | 10-12 || total
-------------------------+-------+-------+-------+-------++-------
Melee: Unarmed           |    66 |   161 |   347 |   110 ||   684
       Bite              |     5 |    24 |    46 |    12 ||    87
       Headbutt          |       |    12 |    68 |    27 ||   107
       Punch             |       |     5 |    15 |     8 ||    28
 Cast: Wereblood         |       |       |       |     2 ||     2
Evoke: Wand              |       |       |     6 |       ||     6
  Use: Potion            |     1 |     3 |     5 |     1 ||    10
       Scroll            |       |     5 |     5 |       ||    10
 Stab: Sleeping          |     9 |    11 |    20 |     1 ||    41
       Distracted        |       |     1 |     1 |       ||     2
Armor: Skin              |     3 |     4 |    15 |     7 ||    29
Dodge: Dodged            |    50 |   107 |   369 |   107 ||   633
